 Dungeon Crawl Stone Soup version 0.23.2 (webtiles) character file.

Game seed: 1420559989964548445

182 TheAlmogaver the Magician (level 5, -11/37 HPs)
             Began as a Gnoll Wizard on Mar 31, 2019.
             Killed by divine providence
             ... invoked by an orc priest
              (15 damage)
             ... on level 4 of the Dungeon.
             The game lasted 00:17:27 (3046 turns).

TheAlmogaver the Magician (Gnoll Wizard)            Turns: 3046, Time: 00:17:28

Health: -11/37     AC:  3    Str: 10    XL:     5   Next: 62%
Magic:  6/14       EV: 14    Int: 21    God:
Gold:   173        SH:  0    Dex: 13    Spells: 7/18 levels left

rFire    . . .     SeeInvis .   o - +3 hunting sling
rCold    . . .     Gourm    .   (no shield)
rNeg     . . .     Faith    .   a - +0 robe
rPois    .         Spirit   .   b - +0 hat
rElec    .         Reflect  .   k - +0 cloak
rCorr    .         Harm     .   (no gloves)
MR       .....                  (no boots)
Stlth    +++.......             (no amulet)
HPRegen  0.12/turn              (no ring)
MPRegen  0.14/turn              (no ring)

@: no status effects
A: distributed training, fangs 1, strong nose
a: no special abilities


You were on level 4 of the Dungeon.
You were not hungry.

You visited 1 branch of the dungeon, and saw 4 of its levels.

You collected 173 gold pieces.

Inventory:

Hand Weapons
 o - a +3 hunting sling (weapon)
Missiles
 p - 72 stones (quivered)
Armour
 a - a +0 robe (worn)
 b - a +0 hat (worn)
 k - a +0 cloak (worn)
 n - a +2 pair of gloves
Jewellery
 l - a cursed ring of teleportation {unknown}
Scrolls
 c - 2 scrolls of enchant weapon {unknown}
 e - a scroll of immolation {unknown}
 f - 2 scrolls of fear {unknown}
 g - a scroll of teleportation {unknown}
 h - a scroll of enchant armour {unknown}
 m - 3 scrolls of noise {unknown}
 q - a scroll of identify {unknown}
 r - 3 scrolls of remove curse {unknown}
Potions
 i - a potion of heal wounds {unknown}
 j - a potion of agility {unknown}
 s - 2 potions of brilliance {unknown}
 t - a potion of haste {unknown}
 v - a potion of lignification {unknown}
Comestibles
 d - 7 rations
 u - 2 chunks of flesh


   Skills:
 + Level 1.5 Fighting
 + Level 1.5 Short Blades
 + Level 1.5 Long Blades
 + Level 1.5 Axes
 + Level 1.5 Maces & Flails
 + Level 1.5 Polearms
 + Level 1.5 Staves
 + Level 1.5 Slings
 + Level 1.5 Bows
 + Level 1.5 Crossbows
 + Level 1.5 Throwing
 + Level 1.5 Armour
 + Level 4.8 Dodging
 + Level 4.4 Stealth
 + Level 1.5 Shields
 + Level 1.5 Unarmed Combat
 + Level 7.3 Spellcasting
 + Level 2.4 Conjurations
 + Level 1.2 Hexes
 + Level 1.2 Charms
 + Level 2.4 Summonings
 + Level 1.2 Necromancy
 + Level 2.4 Translocations
 + Level 1.2 Transmutations
 + Level 1.2 Fire Magic
 + Level 1.2 Ice Magic
 + Level 1.2 Air Magic
 + Level 1.2 Earth Magic
 + Level 1.2 Poison Magic
 + Level 1.7 Invocations
 + Level 1.5 Evocations


You had 7 spell levels left.
You knew the following spells:

 Your Spells              Type           Power        Failure   Level  Hunger
a - Magic Dart            Conj           ###.         3%          1    None
b - Blink                 Tloc           N/A          4%          2    None
c - Call Imp              Summ           ###.....     4%          2    None
d - Conjure Flame         Conj/Fire      ###.....     12%         3    None
e - Mephitic Cloud        Conj/Pois/Air  ##......     13%         3    None

Your spell library contained the following spells:

 Spells                   Type           Power        Failure   Level  Hunger
 Slow                     Hex            ##......     8%          2    None


Dungeon Overview and Level Annotations

Branches:
Dungeon (4/15)
 Temple: D:4-7

Altars:
Cheibriados
The Shining One


Innate Abilities, Weirdness & Mutations

Your experience applies equally to all skills.
You have very sharp teeth.
Your uncanny sense of smell can sniff out nearby items.


Message History

Your crimson imp hits the howler monkey.
The howler monkey hoots and howls with incredible vigour!
Your white imp hits the orc.
Your white imp freezes the orc.
The orc hits your white imp with a +0 dagger.
Your crimson imp hits the howler monkey.
The howler monkey misses your crimson imp.
Your white imp gestures at the orc.
The puff of frost hits the orc.
The orc dies!
The howler monkey misses something.
Something hits your crimson imp.
Your white imp disappears in a puff of smoke!
The orc priest calls down the wrath of Beogh upon you.
Beogh smites you!
* * * LOW HITPOINT WARNING * * *
You open the door.
There is an open door here.
The orc priest calls down the wrath of Beogh upon you.
Beogh smites you!
You die...

#.###...## #..#
##'####### ##.#
##...## #.#
##<....## ###.#
##.รท.....## ##.#.#
#.........####....#
+.........+.......#
#.........####....#
##..@....## ##.#.#
##.....## ###.#
##5..## ##.# ##'##
#..# #.# #.##
#########.# #.#
#.........## #.#
#.######.o.## #.#
.. #.....# #.#


You could see an orc priest and a friendly crimson imp.

Vanquished Creatures
  2 orc priests (D:4)
  A worker ant zombie (D:4)
  4 adders
  4 oozes
  A worm (D:2)
  2 dart slugs (D:1)
  2 leopard geckos
  An orc (D:3)
  2 giant cockroaches
  5 goblins
  7 hobgoblins
  2 jackals (D:2)
  7 bats
  3 frilled lizards
  9 kobolds
  3 rats
55 creatures vanquished.

Vanquished Creatures (collateral kills)
  An orc (D:4)
1 creature vanquished.

Vanquished Creatures (others)
  4 toadstools (D:1)
4 creatures vanquished.

Grand Total: 60 creatures vanquished

Notes
Turn   | Place    | Note
-------+----------+-------------------------------------------
     0 | D:1      | TheAlmogaver the Gnoll Wizard began the quest for the Orb.
     0 | D:1      | Reached XP level 1. HP: 13/13 MP: 8/8
   304 | D:1      | Reached XP level 2. HP: 19/19 MP: 7/10
  1099 | D:2      | Reached XP level 3. HP: 25/25 MP: 9/11
  1103 | D:2      | Learned a level 2 spell: Blink
  1106 | D:2      | Learned a level 2 spell: Call Imp
  1110 | D:2      | Learned a level 3 spell: Conjure Flame
  1114 | D:2      | Learned a level 3 spell: Mephitic Cloud
  1250 | D:2      | Reached skill level 1 in Invocations
  1442 | D:2      | Reached skill level 1 in Fighting
  1442 | D:2      | Reached skill level 1 in Short Blades
  1442 | D:2      | Reached skill level 1 in Long Blades
  1442 | D:2      | Reached skill level 1 in Axes
  1442 | D:2      | Reached skill level 1 in Maces & Flails
  1442 | D:2      | Reached skill level 1 in Polearms
  1442 | D:2      | Reached skill level 1 in Staves
  1442 | D:2      | Reached skill level 1 in Slings
  1442 | D:2      | Reached skill level 1 in Bows
  1442 | D:2      | Reached skill level 1 in Crossbows
  1442 | D:2      | Reached skill level 1 in Throwing
  1442 | D:2      | Reached skill level 1 in Armour
  1442 | D:2      | Reached skill level 1 in Shields
  1442 | D:2      | Reached skill level 1 in Unarmed Combat
  1442 | D:2      | Reached skill level 1 in Evocations
  1591 | D:2      | Reached XP level 4. HP: 32/32 MP: 7/13
  2116 | D:3      | Found a glowing golden altar of the Shining One.
  2162 | D:3      | Found a snail-covered altar of Cheibriados.
  2570 | D:3      | Reached skill level 1 in Hexes
  2570 | D:3      | Reached skill level 1 in Charms
  2570 | D:3      | Reached skill level 1 in Necromancy
  2570 | D:3      | Reached skill level 1 in Transmutations
  2570 | D:3      | Reached skill level 1 in Fire Magic
  2570 | D:3      | Reached skill level 1 in Ice Magic
  2570 | D:3      | Reached skill level 1 in Air Magic
  2570 | D:3      | Reached skill level 1 in Earth Magic
  2570 | D:3      | Reached skill level 1 in Poison Magic
  2776 | D:3      | Noticed a gnoll sergeant
  2890 | D:4      | Reached XP level 5. HP: 33/37 MP: 14/14
  3046 | D:4      | Killed from afar by an orc priest

Skill      XL: |  1  2  3  4 |
---------------+-------------+-----
Conjurations   | 2 |  2.4
Summonings     | 2 |  2.4
Translocations | 2 |  2.4
Invocations    | 1 |  1.7
Fighting       | 1 |  1.5
Short Blades   | 1 |  1.5
Long Blades    | 1 |  1.5
Axes           | 1 |  1.5
Maces & Flails | 1 |  1.5
Polearms       | 1 |  1.5
Staves         | 1 |  1.5
Slings         | 1 |  1.5
Bows           | 1 |  1.5
Crossbows      | 1 |  1.5
Throwing       | 1 |  1.5
Armour         | 1 |  1.5
Shields        | 1 |  1.5
Unarmed Combat | 1 |  1.5
Evocations     | 1 |  1.5
Hexes          | 1 |  1.2
Charms         | 1 |  1.2
Necromancy     | 1 |  1.2
Transmutations | 1 |  1.2
Fire Magic     | 1 |  1.2
Ice Magic      | 1 |  1.2
Air Magic      | 1 |  1.2
Earth Magic    | 1 |  1.2
Poison Magic   | 1 |  1.2
Dodging        | |  4.8
Stealth        | |  4.4
Spellcasting   | |  7.3

Action                   |  1- 3 |  4- 6 || total
-------------------------+-------+-------++-------
Melee: Unarmed           |     1 |       ||     1
 Fire: Hunting sling     |       |    31 ||    31
 Cast: Magic Dart        |    73 |    30 ||   103
       Conjure Flame     |     2 |     2 ||     4
       Call Imp          |       |     9 ||     9
       Mephitic Cloud    |       |     1 ||     1
  Eat: Chunk             |     2 |     4 ||     6
Armor: Robe              |     1 |     1 ||     2
Dodge: Dodged            |    16 |    14 ||    30
